 Dungeon Crawl Stone Soup version 0.30-a0-422-g946f4849ff (webtiles) character file.

Game seed: 10868357531032856177

191 flotson the Sneak (level 5, -3/63 HPs)
             Began as a Demonspawn Delver on Dec 8, 2022.
             Succumbed to Sigmund's poison
             ... on level 3 of the Dungeon.
             The game lasted 00:05:30 (2584 turns).

flotson the Sneak (Demonspawn Delver)               Turns: 2584, Time: 00:05:30

Health: -3/63      AC: 10    Str: 14    XL:     5   Next: 41%
Magic:  4/5        EV:  6    Int: 10    God:
Gold:   126        SH:  0    Dex: 18    Spells: 4/4 levels left

rFire   . . .      SeeInvis .    u - +1 dagger (elec)
rCold   . . .      Faith    .    h - +0 kite shield
rNeg    . . .      Spirit   +    j - +0 chain mail
rPois   .          Reflect  .    (no helmet)
rElec   .          Harm     .    w - +0 cloak
rCorr   .          Rampage  .    x - +0 pair of gloves
Will    .....                    (no boots)
Stlth   ..........               r - amulet of guardian spirit
HPRegen 0.30/turn                n - ring of flight
MPRegen 0.09/turn                (no ring)

@: confused, berserking (expiring), lethally poisoned (-3 -> -30), flying, very
quick
A: sturdy frame 1, demonic touch 1, hooves 1, agile 1
a: no special abilities


You were on level 3 of the Dungeon.
You visited 1 branch of the dungeon, and saw 5 of its levels.

You collected 196 gold pieces.
You spent 70 gold pieces at shops.

Inventory:

Hand Weapons
 a - a +0 hand axe
 u - a +1 dagger of electrocution (weapon)
Missiles
 f - 8 poisoned darts (quivered)
 k - 7 boomerangs
Armour
 h - a +0 kite shield (worn)
 j - a +0 chain mail (worn)
 w - a +0 cloak (worn)
 x - a +0 pair of gloves (worn)
Jewellery
 n - a ring of flight (left hand)
 r - an amulet of guardian spirit (around neck)
Wands
 g - a wand of digging (3)
 v - a wand of light (7)
Scrolls
 c - a scroll of fog
 d - 3 scrolls of magic mapping
 e - 3 scrolls of identify
 i - a scroll of enchant weapon {unknown}
 o - a scroll of poison {unknown}
 p - a scroll of fear
 q - 5 scrolls of teleportation
 t - a scroll of vulnerability {unknown}
 y - 2 scrolls of blinking {unknown}
Potions
 l - a potion of cancellation
 s - a potion of mutation


   Skills:
 + Level 3.6 Fighting
 - Level 1.7 Axes
 + Level 1.1 Throwing
 + Level 1.7 Armour
 + Level 2.7 Dodging
 - Level 5.0 Stealth
 + Level 0.7 Shields
 + Level 1.9 Evocations


You had 4 spell levels left.
You didn't know any spells.
Your spell library contained the following spells:

 Spells                   Type           Power      Damage    Failure   Level
 Apportation              Tloc           0%         N/A       100%        1
 Freeze                   Ice            0%         1d3       100%        1
 Necrotise                Necr           0%         1d4       100%        1
 Summon Small Mammal      Summ           0%         N/A       100%        1
 Call Canine Familiar     Summ           0%         N/A       100%        3
 Frozen Ramparts          Ice            0%         1d1       100%        3
 Hailstorm                Conj/Ice       0%         3d3       100%        3
 Portal Projectile        Hex/Tloc       0%         N/A       100%        3
 Leda's Liquefaction      Hex/Erth       0%         N/A       100%        4


Dungeon Overview and Level Annotations

Branches:
Dungeon (5/15)
 Temple: D:4-7

Altars:
Ashenzari

Shops:
D:1 ?

Annotations:
D:3 Sigmund


Innate Abilities, Weirdness & Mutations

Your movements are slightly less encumbered by armour. (ER -2)
Your touch may inflict minor irresistible damage on your foes.
You have large cloven feet.
You are agile. (Dex +4, Str/Int -1)


Message History

You feel more buoyant.
* * * LOW HITPOINT WARNING * * *
You feel very sick. Something hits you but does no damage.
You are more confused.
You feel invigorated.
* * * LOW HITPOINT WARNING * * *
You feel very sick.
You hear some strange, mumbled words.
Something tries to affect you, but you resist.
A red film seems to cover your vision as you go berserk!
You feel yourself moving faster!
You feel mighty!
You feel very sick. Something hits you.
* * * LOW HITPOINT WARNING * * *
You are lethally poisoned!
You feel a strong urge to attack something.
* * * LOW HITPOINT WARNING * * *
You feel very sick.
You barely miss something. Your kick misses something.
* * * LOW HITPOINT WARNING * * *
You feel very sick. Something hits you.
You are more poisoned.
You hit something.
* * * LOW HITPOINT WARNING * * *
You feel very sick.
You hit something.
You feel less invigorated.
* * * LOW HITPOINT WARNING * * *
You feel very sick. Something hits you.
* * * LOW HITPOINT WARNING * * *
You are more poisoned.
You barely miss something.
* * * LOW HITPOINT WARNING * * *
You feel very sick. Something hits you but does no damage.
You are more poisoned.
You closely miss something. Your kick misses something.
You die...

... ... #.# #.# ..#.# #)# # #.#.#
#.# #. ## ###.#.# #.# ##'# #. #
..#.#.# #S# ##...## #. #. #.#.#.#
###{# ##.....## #. #.##.#.#.#
#..@# ##.......###.
...#.#.#.#####...####.........##.
....................'.........'..
...#.#########...####.........##.
#.##.# #.......# #.......###.
###..# #.#####.# ##.....## ##
#...# #.# #.# ##...## ##.## #.#
#.# ##'## #.# #.# #.# #.#


You could see an adder.

Vanquished Creatures
  An orc priest (D:3)
  A hound (D:3)
  4 adders
  A worm (D:2)
  2 dart slugs
  8 orcs
  3 ball pythons
  8 bats
  6 endoplasms
  3 giant cockroaches
  5 goblins
  9 hobgoblins
  5 jackals
  3 quokkas
  4 frilled lizards
  9 kobolds
  5 rats
77 creatures vanquished.

Notes
Turn   | Place    | Note
-------+----------+-------------------------------------------
     0 | D:5      | flotson the Demonspawn Delver began the quest for the Orb.
     0 | D:5      | Reached XP level 1. HP: 18/18 MP: 1/1
   141 | D:4      | Noticed a howler monkey
   170 | D:4      | Gained mutation: Your touch may inflict minor irresistible
                  | damage on your foes. [demonic ancestry]
   170 | D:4      | Reached XP level 2. HP: 18/24 MP: 2/2
   170 | D:4      | Noticed a black bear
   347 | D:3      | Reached skill level 1 in Armour
   347 | D:3      | Reached skill level 1 in Evocations
   347 | D:3      | Gained mutation: Your movements are slightly less
                  | encumbered by armour. (ER -2) [demonic ancestry]
   347 | D:3      | Reached XP level 3. HP: 16/29 MP: 3/3
   723 | D:1      | Found Caop's Magic Scroll Shoppe.
   735 | D:1      | Bought a scroll of identify for 28 gold pieces
   735 | D:1      | Bought a scroll of teleportation for 42 gold pieces
   745 | D:1      | Reached XP level 4. HP: 34/35 MP: 4/4
  2129 | D:3      | Found a broken altar of Ashenzari.
  2264 | D:3      | Reached XP level 5. HP: 41/41 MP: 5/5
  2420 | D:3      | Reached skill level 1 in Throwing
  2420 | D:3      | Reached skill level 5 in Stealth
  2557 | D:3      | Noticed Sigmund
  2575 | D:3      | Gained mutation: You have large cloven feet. [potion of
                  | mutation]
  2575 | D:3      | Gained mutation: You are agile. (Dex +4, Str/Int -1)
                  | [potion of mutation]
  2583 | D:3      | HP: 2/63 [poisoned by Sigmund]
  2584 | D:3      | Succumbed to Sigmund's poison

Illustrated notes

Levels and vault maps discovered:
D:1:      zaba_arrival_water, layout_basic, serial_shops, shop,
          minmay_split_cup_small
D:2:      layout_basic
D:3:      layout_loops_corners, nicolae_ashenzari_skybound, uniq_sigmund,
          uniq_crazy_yiuf_cottage
D:4:      layout_basic
D:5:      layout_basic, lemuel_tele_altar, old_standard_altar,
          nicolae_gozag_cash_rules_everything_around_me,
          minmay_temple_entry_offerings

Skill      XL: |  1  2  3  4  5 |
---------------+----------------+-----
Dodging        | 2 |  2.7
Armour         | 1 |  1.7
Evocations     | 1 |  1.9
Throwing       | 1 |  1.1
Stealth        | 5 |  5.0
Fighting       | |  3.6
Axes           | |  1.7
Shields        | |  0.7

Action                   |  1- 3 |  4- 6 || total
-------------------------+-------+-------++-------
Melee: Hand axe          |    94 |    55 ||   149
       Touch             |     9 |     5 ||    14
       Punch             |     1 |       ||     1
       Dagger            |       |   101 ||   101
  Use: Scroll            |     1 |     5 ||     6
       Potion            |     1 |     4 ||     5
 Stab: Fleeing           |     1 |       ||     1
Armor: Chain mail        |    66 |    74 ||   140
       Leather armour    |     1 |       ||     1
Dodge: Dodged            |    42 |    30 ||    72
Block: Kite shield       |       |    41 ||    41

Table legend: (Time is in decaauts)
 A = Elapsed time spent in this place.
 B = Non-inter-level travel time spent in this place.
 C = Inter-level travel time spent in this place.
 D = Time resting spent in this place.
 E = Time spent auto-exploring this place.
 F = Levels seen in this place.
 G = Mean time per level.
                   A        B        C        D        E       F      G
               +--------+--------+--------+--------+--------+-----+--------+
         Total |   2619 |   2545 |     74 |      0 |   1849 |   5 |  523.8 |
       Dungeon |   2619 |   2545 |     74 |      0 |   1849 |   5 |  523.8 |
               +--------+--------+--------+--------+--------+-----+--------+

Top non-repeatable levels by time:
     D:3: 864 daAuts
     D:1: 819 daAuts
     D:2: 668 daAuts
     D:4: 177 daAuts
     D:5: 89 daAuts
